 Dungeon Crawl Stone Soup version 0.30-a0-1075-gcd70e7a56d (webtiles) character file.

Game seed: 4508694946241033850

3322 Anon1729 the Cleaver (level 9, -5/79 HPs)
             Began as a Minotaur Monk on Apr 14, 2023.
             Was a Believer of Uskayaw.
             Killed from afar by a steam dragon (18 damage)
             ... with a ball of steam
             ... on level 7 of the Dungeon.
             The game lasted 00:08:11 (5568 turns).

Anon1729 the Cleaver (Minotaur Monk)                Turns: 5568, Time: 00:08:11

Health: -5/79      AC: 10    Str: 19    XL:     9   Next: 71%
Magic:  13/13      EV: 10    Int:  7    God:    Uskayaw [**....]
Gold:   620        SH:  0    Dex: 14    Spells: 8/8 levels left

rFire   . . .      SeeInvis .    y - +0 war axe
rCold   . . .      Faith    .    d - orb {light}
rNeg    . . .      Spirit   .    H - +0 chain mail
rPois   .          Reflect  .    (helmet restricted)
rElec   .          Rampage  .    G - scarf {+Inv}
rCorr   .                        (no gloves)
Will    +....                    (no boots) Stlth
                                 k - amulet of regeneration
HPRegen 1.13/turn                r - ring of willpower
MPRegen 0.13/turn                (no ring)

@: hasted, glowing, very quick
A: horns 2, retaliatory headbutt
a: Renounce Religion, Evoke Invisibility, Stomp, Line Pass


You were on level 7 of the Dungeon.
You worshipped Uskayaw.
Uskayaw was noncommittal.
You visited 1 branch of the dungeon, and saw 7 of its levels.
You also visited: Sewer and Ossuary.

You collected 620 gold pieces.

Inventory:

Hand Weapons
 a - a +0 hand axe
 y - a +0 war axe (weapon)
Missiles
 q - 16 poisoned darts (quivered)
Armour
 b - a +0 robe
 d - an orb of light (worn)
 t - a +0 scale mail
 G - a scarf of invisibility (worn)
 H - a +0 chain mail (worn)
Jewellery
 k - an amulet of regeneration (around neck)
 r - a ring of willpower (left hand)
Wands
 B - a wand of roots (2)
 F - a wand of charming (24)
Scrolls
 e - 6 scrolls of identify {unknown}
 g - a scroll of brand weapon {unknown}
 h - a scroll of silence {unknown}
 j - a scroll of poison {unknown}
 l - 8 scrolls of teleportation
 p - a scroll of magic mapping {unknown}
 s - 11 scrolls of noise
 v - 3 scrolls of immolation
 w - 2 scrolls of fear {unknown}
 x - 2 scrolls of vulnerability {unknown}
 I - 2 scrolls of blinking {unknown}
 J - 2 scrolls of enchant armour {unknown}
 L - a scroll of torment {unknown}
Potions
 c - 2 potions of ambrosia
 f - 2 potions of haste
 i - a potion of attraction {unknown}
 m - 4 potions of mutation
 n - a potion of lignification {unknown}
 o - 4 potions of heal wounds {unknown}
 u - 2 potions of cancellation {unknown}
 z - 2 potions of brilliance {unknown}
 A - 5 potions of flight
 C - 5 potions of degeneration
 D - 2 potions of curing {unknown}
 E - 3 potions of might {unknown}
 K - a potion of magic {unknown}
 M - a potion of berserk rage {unknown}


   Skills:
 + Level 7.3 Fighting
 * Level 9.6 Axes
 + Level 5.9 Armour
 + Level 6.7 Dodging
 - Level 2.0 Stealth
 * Level 7.0 Invocations


You had 8 spell levels left.
You didn't know any spells.
Your spell library contained the following spells:

 Spells                   Type           Power      Damage    Failure   Level
 Freeze                   Ice            0%         1d3       98%         1
 Magic Dart               Conj           0%         1d3       98%         1
 Blink                    Tloc           0%         N/A       99%         2
 Call Imp                 Summ           0%         N/A       99%         2
 Frozen Ramparts          Ice            0%         1d1       100%        3
 Hailstorm                Conj/Ice       0%         3d3       100%        3
 Mephitic Cloud           Conj/Pois/Air  0%         N/A       100%        3
 Manifold Assault         Tloc           0%         N/A       100%        4
 Summon Forest            Summ/Tloc      0%         N/A       100%        5
 Eringya's Noxious Bog    Tmut/Pois      0%         N/A       100%        6
 Storm Form               Tmut/Air       0%         N/A       100%        7
 Summon Hydra             Summ           0%         N/A       100%        7


Dungeon Overview and Level Annotations

Branches:
Dungeon (7/15)             Temple (0/1) D:5           Sewer (visited)
Ossuary (visited)

Altars:
Okawaru
Qazlal
Uskayaw
Vehumet
Wu Jian
Zin


Innate Abilities, Weirdness & Mutations

You have a pair of horns on your head.
You reflexively headbutt those who attack you in melee.


Message History

The steam dragon barely misses you.
The steam dragon claws you but does no damage.
You hit the steam dragon.
The steam dragon is moderately wounded.
You are engulfed in a cloud of scalding steam.
The steam dragon bites you!
The steam dragon claws you but does no damage.
You are too injured to fight recklessly!
You are too injured to fight recklessly!
You are too injured to fight recklessly!
You are too injured to fight recklessly!
You are too injured to fight recklessly!
You are too injured to fight recklessly!
You are too injured to fight recklessly!
You are too injured to fight recklessly!
You are too injured to fight recklessly!
The steam dragon attacks as you move away!
The steam dragon barely misses you.
The steam dragon claws you but does no damage.
You hit the steam dragon. You headbutt the steam dragon!
The steam dragon is severely wounded.
The steam dragon completely misses you. The steam dragon barely misses you.
The steam dragon breathes steam at you.
The ball of steam hits the steam dragon!
The steam dragon resists.
The ball of steam hits you!!
* * * LOW HITPOINT WARNING * * *
You can now pass through a line of other dancers.
The steam dragon attacks as you move away!
The steam dragon barely misses you.
The steam dragon claws you but does no damage.
It was a potion of haste.
You feel yourself speed up.
The steam dragon bites you but does no damage.
The steam dragon claws you.
* * * LOW HITPOINT WARNING * * *
The steam dragon breathes steam at you.
The ball of steam hits the steam dragon!
The steam dragon resists.
The steam dragon dies!
The ball of steam hits you!!
You die...

##....#...# #...## # ##....#♣.♣#
##...# # #.....#P.P# #...## ##
#...#.#♣.♣##### #...# ##.
....###P.P#....# ##..## #.. ...##
#8.8# #..#### #...# #.. ...#
#P..###. #D#.## #...# #..
...####♣.♣#..# #§##.###...# #..
..#..[#..P#..###@###..##..## #..
..#.###♣.♣#...#..###.###)..# #..
....###P.P#....##.##.# #..## ##..
.....##♣.♣#....###..####..####...
.#....##.##...<.##....##...##....
......##.##......#...............
#................................
##.#...................###.......
#.....##....#..........#.#####.)


You could see a steam dragon (catching breath).

Vanquished Creatures
  Joseph (D:7)
  The ghost of initializr the Sneak, an amateur NaEE (D:4)
  2 sky beasts
  2 orc warriors
  2 ice beasts
  2 centaurs (D:7)
  2 phantoms (D:6)
  A kobold brigand (D:6)
  A wyvern zombie (D:4)
  2 scorpions
  A water moccasin skeleton (D:6)
  6 wights
  2 howler monkeys (D:4)
  2 centaur zombies (D:6)
  6 orc priests
  6 hounds
  4 jellies
  A centaur skeleton (D:6)
  A sleepcap (D:6)
  An iguana (D:5)
  A sickly merfolk siren (Sewer)
  7 orc wizards
  A malarious merfolk avatar (Sewer)
  A killer bee zombie (D:6)
  3 mummies (Ossuary)
  A howler monkey skeleton (D:4)
  10 gnolls
  6 adders
  3 river rats (Sewer)
  A shadow imp (D:7)
  A white imp (D:5)
  An ufetubus (D:4)
  3 worms
  A dart slug (D:2)
  17 orcs
  8 ball pythons
  6 bats
  12 endoplasms
  9 giant cockroaches
  7 goblins
  5 hobgoblins
  4 jackals (D:3)
  8 quokkas
  13 frilled lizards
  5 hobgoblin zombies (Ossuary)
  19 kobolds
  3 orc zombies (Ossuary)
  25 rats
227 creatures vanquished.

Vanquished Creatures (others)
  A steam dragon (D:7)
  4 demonic plants (D:7)
  A withered plant (D:6)
6 creatures vanquished.

Grand Total: 233 creatures vanquished

Notes
Turn   | Place    | Note
-------+----------+-------------------------------------------
     0 | D:1      | Anon1729 the Minotaur Monk began the quest for the Orb.
     0 | D:1      | Reached XP level 1. HP: 19/19 MP: 0/0
   112 | D:1      | Reached XP level 2. HP: 27/27 MP: 1/1
   321 | D:1      | Reached skill level 4 in Axes
   525 | D:1      | Reached XP level 3. HP: 33/33 MP: 2/2
   596 | D:1      | Found a faded altar of an unknown god.
   599 | D:1      | Prayed at the altar of an unknown god.
   599 | D:1      | Became a worshipper of Uskayaw the Reveller
   599 | D:1      | Reached * piety under Uskayaw
   599 | D:1      | Reached ** piety under Uskayaw
  1407 | D:3      | Reached *** piety under Uskayaw
  1409 | D:3      | Reached **** piety under Uskayaw
  1520 | D:3      | Reached XP level 4. HP: 40/40 MP: 3/3
  1617 | D:3      | Reached skill level 1 in Invocations
  2138 | D:4      | Reached skill level 1 in Armour
  2238 | D:4      | Reached XP level 5. HP: 47/47 MP: 5/5
  2254 | D:4      | Found a glowing drain.
  2266 | Sewer    | Entered a sewer
  2348 | Sewer    | Reached skill level 5 in Axes
  2696 | D:4      | Found a transporter.
  2765 | D:4      | Found a transporter.
  2770 | D:4      | Noticed initializr's ghost (amateur NaEE)
  2822 | D:4      | Reached XP level 6. HP: 53/53 MP: 6/6
  2904 | D:4      | Found a glowing silver altar of Zin.
  3109 | D:4      | Found an iron altar of Okawaru.
  3344 | D:4      | Reached skill level 5 in Fighting
  3345 | D:4      | Reached XP level 7. HP: 44/61 MP: 8/8
  3351 | D:4      | Killed initializr's ghost
  3352 | D:4      | Reached skill level 6 in Axes
  3410 | D:5      | Entered Level 5 of the Dungeon
  3429 | D:5      | Found a staircase to the Ecumenical Temple.
  3444 | D:5      | Reached skill level 5 in Dodging
  3611 | D:5      | Reached XP level 8. HP: 67/69 MP: 10/10
  3613 | D:5      | Reached skill level 7 in Axes
  4051 | D:6      | Reached skill level 5 in Invocations
  4057 | D:6      | Reached ***** piety under Uskayaw
  4063 | D:6      | Found a sand-covered staircase.
  4093 | Ossuary  | Entered an ossuary
  4324 | D:6      | Reached skill level 8 in Axes
  4503 | D:6      | Reached XP level 9. HP: 78/78 MP: 12/12
  4556 | D:6      | Reached skill level 5 in Armour
  4574 | D:6      | Found a radiant altar of Vehumet.
  4574 | D:6      | Found a stormy altar of Qazlal.
  4978 | D:7      | Reached skill level 9 in Axes
  5079 | D:7      | Noticed Joseph
  5093 | D:7      | Killed Joseph
  5433 | D:7      | Found an ornate altar of the Wu Jian Council.
  5568 | D:7      | Killed from afar by a steam dragon

Illustrated notes

Levels and vault maps discovered:
D:1:      kennysheep_arrival_forest, layout_loops_ring,
          shapermc_ecumenical_altar_hornbeckon, minmay_tetromino_l4
D:2:      layout_loops_cross, minmay_fractal_squares_gapless_5
D:3:      layout_loops_ring
D:4:      layout_loops_ring, amcnicky_altar_gilded, okawaru_metal_pillars_3,
          gup_sewer_entry_bubbles, gammafunk_ghost_mausoleum
D:5:      layout_basic, minmay_temple_entry_grid
D:6:      layout_loops_cross, mainiacjoe_overflow_divided_tiny, serial_undead,
          serial_undead_f, serial_undead_b, serial_undead_f, serial_undead_a,
          enter_ossuary_2
D:7:      layout_layer_cave, kennysheep_little_box, dreamdust_princess_corridor,
          uniq_joseph

Skill      XL: |  1  2  3  4  5  6  7  8  9 |
---------------+----------------------------+-----
Axes           | 4 5 6 8 9 |  9.6
Stealth        | 2 |  2.0
Fighting       | 4 5 6 7 |  7.3
Invocations    | 1 2 3 4 5 7 |  7.0
Armour         | 1 2 3 4 5 |  5.9
Dodging        | 4 5 6 |  6.7

Action                     |  1- 3 |  4- 6 |  7- 9 || total
---------------------------+-------+-------+-------++-------
  Melee: Hand axe          |    99 |    14 |       ||   113
         Headbutt          |    18 |    26 |    76 ||   120
         War axe           |       |   148 |   239 ||   387
    Use: Potion            |       |       |     1 ||     1
   Stab: Paralysed         |     2 |     7 |    19 ||    28
 Armour: Robe              |    13 |       |       ||    13
         Scale mail        |    14 |    53 |    24 ||    91
         Chain mail        |       |       |    97 ||    97
  Dodge: Dodged            |    76 |    96 |   100 ||   272

Table legend: (Time is in decaauts)
 A = Elapsed time spent in this place.
 B = Non-inter-level travel time spent in this place.
 C = Inter-level travel time spent in this place.
 D = Time resting spent in this place.
 E = Time spent auto-exploring this place.
 F = Levels seen in this place.
 G = Mean time per level.
                   A        B        C        D        E       F      G
               +--------+--------+--------+--------+--------+-----+--------+
         Total |   5722 |   5391 |    331 |     66 |   3980 |   9 |  635.8 |
       Dungeon |   5105 |   4774 |    331 |     66 |   3629 |   7 |  729.3 |
         Sewer |    414 |    414 |      0 |      0 |    213 |   1 |  414.0 |
       Ossuary |    202 |    202 |      0 |      0 |    137 |   1 |  202.0 |
               +--------+--------+--------+--------+--------+-----+--------+

Top non-repeatable levels by time:
     D:4: 1002 daAuts
     D:6: 850 daAuts
     D:1: 797 daAuts
     D:3: 745 daAuts
     D:7: 604 daAuts
     D:2: 584 daAuts
     D:5: 521 daAuts
   Sewer: 414 daAuts
 Ossuary: 202 daAuts
